 Dungeon Crawl Stone Soup version 0.28.0-53-g5a82cb258f (webtiles) character file.

Game seed: 453722472300239912

9634 fingers the Thaumaturge (level 11, -14/64 HPs)
             Began as a Mummy Necromancer on June 1, 2022.
             Was a High Priest of Hepliaklqana.
             Demolished by Snorg (15 damage)
             ... on level 11 of the Dungeon.
             The game lasted 00:56:15 (13610 turns).

fingers the Thaumaturge (Mummy Necromancer)        Turns: 13610, Time: 00:56:21

Health: -14/64     AC: 11    Str: 12    XL:     11   Next: 25%
Magic:  28/28      EV: 13    Int: 25    God:    Hepliaklqana [*****.]
Gold:   521        SH:  0    Dex: 14    Spells: 22/36 levels left

rFire   + + .      SeeInvis .   i - +3 club (spect)
rCold   + . .      Faith    .   (no shield)
rNeg    + + +      Spirit   .   f - +3 leather armour of Inquiry {rF+++ Regen+ Int+6 Dex-4}
rPois   ∞          Reflect  .   E - +0 helmet
rElec   .          Harm     .   j - +0 cloak {rPois}
rCorr   .          Rampage  .   a - +0 pair of gloves
Will    +....                   w - +0 pair of boots
Stlth   ++........              (no amulet)
HPRegen 1.00/turn               t - +6 ring of dexterity
MPRegen 0.21/turn               (no ring)

@: no status effects
A: reduced essence, cold resistance 1, negative energy resistance 3, torment
resistance 2, heat vulnerability 1, no potions
a: Renounce Religion, Recall Ancestor, Ancestor Identity, Transference, Idealise


You were on level 11 of the Dungeon.
You worshipped Hepliaklqana.
Hepliaklqana was extremely pleased with you.
You visited 1 branch of the dungeon, and saw 11 of its levels.

You collected 521 gold pieces.

Inventory:

Hand Weapons
 i - a +3 spectral club (weapon)
Missiles
 c - 11 boomerangs
Armour
 a - a +0 pair of gloves (worn)
 f - the +3 leather armour of Inquiry (worn) {rF+++ Regen+ Int+6 Dex-4}
   (You found it on level 2 of the Dungeon)

   Int:       It affects your intelligence (+6).
   Dex:       It affects your dexterity (-4).
   rF:        It renders you almost immune to fire.
   Regen:     It increases your rate of health regeneration.
 j - a +0 cloak of poison resistance (worn)
 w - a +0 pair of boots (worn)
 E - a +0 helmet (worn)
Jewellery
 t - a +6 ring of dexterity (left hand)
Wands
 h - a wand of flame (17)
 k - a wand of acid (6)
 r - a wand of paralysis (16)
 x - a wand of digging (3)
 z - a wand of iceblast (14)
 B - a wand of polymorph (4)
Scrolls
 b - 2 scrolls of teleportation
 d - 2 scrolls of blinking
 e - 2 scrolls of magic mapping {unknown}
 g - 5 scrolls of identify
 l - a scroll of fear {unknown}
 m - 3 scrolls of amnesia {unknown}
 o - 4 scrolls of noise {unknown}
 u - 2 scrolls of fog {unknown}
 y - a scroll of vulnerability {unknown}
 C - a scroll of acquirement {unknown}
Potions
 n - a potion of curing
 p - 2 potions of degeneration {unknown}
 q - a potion of attraction {unknown}
 s - 3 potions of mutation {unknown}
 v - 2 potions of berserk rage {unknown}
 A - a potion of lignification {unknown}
 D - 3 potions of brilliance {unknown}


   Skills:
 + Level 2.2 Fighting
 + Level 0.3 Short Blades
 + Level 2.2 Maces & Flails
 + Level 4.3 Armour
 + Level 3.8 Dodging
 + Level 4.3 Stealth
 + Level 13.2 Spellcasting
 + Level 10.8 Necromancy
 + Level 2.3 Evocations


You had 22 spell levels left.
You knew the following spells:

 Your Spells              Type           Power      Damage    Failure   Level
a - Pain                  Necr           100%       1d9       1%          1
b - Animate Skeleton      Necr           100%       N/A       1%          1
c - Vampiric Draining     Necr           63%        2d10      1%          3
d - Animate Dead          Necr           31%        N/A       1%          4
e - Agony                 Necr           63%        N/A       1%          5

Your spell library contained the following spells:

 Spells                   Type           Power      Damage    Failure   Level
 Apportation              Tloc           32%        N/A       4%          1
 Call Canine Familiar     Summ           16%        N/A       14%         3
 Portal Projectile        Hex/Tloc       32%        N/A       14%         3
 Leda's Liquefaction      Hex/Erth       8%         N/A       41%         4
 Alistair's Intoxication  Tmut/Pois      10%        N/A       77%         5
 Iskenderun's Battlesphe  Conj           16%        2d7       77%         5
 Lee's Rapid Deconstruct  Erth           8%         3d8*      77%         5
 Iron Shot                Conj/Erth      8%         9d3       100%        6
 Spellforged Servitor     Conj/Summ      8%         N/A       100%        7
 Summon Hydra             Summ           8%         N/A       100%        7
 Sublimation of Blood     Necr           Unusable   N/A       N/A         2
 Wereblood                Tmut           Unusable   N/A       N/A         2
 Statue Form              Tmut/Erth      Unusable   N/A       N/A         6

Dungeon Overview and Level Annotations

Branches:
Dungeon (11/15)            Temple (0/1) D:6            Lair (0/6) D:8
    Orc: D:9-12

Altars:
Elyvilon
Fedhas
Hepliaklqana
Okawaru
Uskayaw
Wu Jian
Xom
Yredelemnul

Shops:
D:1 *   D:3 (   D:11 =

Annotations:
D:11 Snorg


Innate Abilities, Weirdness & Mutations

Your life essence is reduced to manifest your ancestor. (-10% HP)
You are immune to poison.
Your flesh is cold resistant. (rC+)
You are immune to negative energy. (rN+++)
You are immune to unholy pain and torment.
You are vulnerable to heat. (rF-)
You do not drink.


Message History

The puff of frost hits Snorg!
Aiming: Corrosive Bolt
Press: ? - help, Q - select action, (/) - cycle Shift-Dir - straight line, f - centaur warrior zombie, p - Snorg
Aim: a centaur warrior zombie (severely damaged, covered in acid, ally target, 98% to hit)
Fingers avoids your attack.
The bolt of acid hits Snorg!
Snorg seems to be corroded for longer.
Snorg is heavily wounded.
The bolt of acid hits the centaur warrior zombie!!
The centaur warrior zombie is almost destroyed.
Snorg closely misses Fingers. x2; Snorg claws Fingers.
Fingers gestures at the centaur warrior zombie while chanting.
The puff of frost misses Snorg.
The puff of frost hits the centaur warrior zombie.
The centaur warrior zombie resists.
The centaur warrior zombie is destroyed!
Snorg bites Fingers but does no damage.
Snorg claws Fingers!
Snorg barely misses Fingers.
Unknown command.
Aiming: Paralyse
Press: ? - help, Q - select action, (/) - cycle Shift-Dir - straight line, f - Snorg
Aim: Snorg (heavily wounded, berserk, covered in acid, ally target, chance to affect: 22%) Fingers avoids your attack.
Snorg resists with almost no effort.
Fingers hits Snorg with a +0 quarterstaff!!
Snorg bites Fingers!
Fingers is destroyed!
Found a phantom mirror.
Snorg bites you!! Snorg claws you but does no damage. Snorg barely misses you.
Snorg bites you but does no damage. Snorg closely misses you. Snorg claws you!
You hit Snorg.
Snorg is severely wounded.
Your +3 spectral club hits Snorg.
Snorg bites your +3 spectral club!!
Your spectral weapon shares its damage with you!
Your +3 spectral club fades away.
Snorg shouts!
You hit Snorg.
Snorg is severely wounded.
Your +3 spectral club hits Snorg!
Snorg bites you!!
* * * LOW HITPOINT WARNING * * *
Snorg closely misses you. x3; Snorg claws you!
You die...

####### ####.....#
########...≈....########
..........≈.≈...@T.....}
.......#.≈...≈..(##.....
...#...#≈..∩..≈..# ...
.. #..>#)≈...≈...# .
#...#..≈.≈....#
#...#...≈.....#
#...#####.....# #...#
#.....# #...# #.....#


You could see Snorg (berserk, corroded) and a friendly +3 spectral club
(summoned).

Vanquished Creatures
  A two-headed ogre (D:6)
  Pikel (D:7)
  A manticore (D:10)
  A cyclops (D:8)
  Grinder (D:5)
  A wyvern (D:9)
  Edmund (D:5)
  An orc warrior (D:6)
  An ice beast (D:5)
  2 ogres (D:5)
  4 killer bees (D:10)
  A wight (D:10)
  2 howler monkeys
  2 orc priests
  Crazy Yiuf (D:2)
  3 orc wizards
  Robin (D:2)
  A gnoll (D:6)
  3 adders
  A worm (D:4)
  A dart slug (D:2)
  6 orcs
  7 ball pythons
  7 bats
  3 endoplasms
  A giant cockroach (D:4)
  17 goblins
  4 hobgoblins
  A jackal (D:5)
  3 quokkas
  4 frilled lizards
  5 kobolds
89 creatures vanquished.

Vanquished Creatures (collateral kills)
  Erica (D:8)
  An ugly thing (D:8)
  A cyclops (D:8)
  Joseph (D:8)
  A gargoyle (D:10)
  An unseen horror (D:10)
  3 trolls (D:10)
  Prince Ribbit (D:5)
  A hornet (D:9)
  5 yaks
  Sigmund (D:6)
  2 wyverns
  Menkaure (D:6)
  A steam dragon (D:7)
  An acid dragon (D:8)
  2 water moccasins (D:8)
  An orc warrior (D:8)
  2 ice beasts
  3 lemures (D:7)
  A kobold brigand (D:5)
  2 bullfrogs (D:7)
  2 wights (D:10)
  3 howler monkeys
  3 hounds
  3 centaur zombies
  2 bullfrog skeletons
  3 orc priests
  Jessica (D:3)
  An iguana (D:5)
  An orc wizard (D:6)
  Terence (D:3)
  2 killer bee zombies (D:7)
  2 adders (D:3)
  3 gnolls (D:6)
  A shadow imp (D:7)
  2 white imps
  An ufetubus (D:6)
  2 worms (D:3)
  2 dart slugs
  9 orcs
  3 ball pythons
  3 endoplasms (D:3)
  2 giant cockroaches (D:2)
  A goblin (D:4)
  A hobgoblin (D:3)
  2 jackals (D:5)
  3 kobolds
92 creatures vanquished.

Vanquished Creatures (others)
  5 battlemagi
  2 ancestors (D:2)
  3 plants (D:6)
10 creatures vanquished.

Grand Total: 191 creatures vanquished

Notes
Turn   | Place    | Note
-------+----------+-------------------------------------------
     0 | D:1      | fingers the Mummy Necromancer began the quest for the Orb.
     0 | D:1      | Reached XP level 1. HP: 13/13 MP: 4/4
  1305 | D:1      | Found Cumios's Assorted Antiques.
  1329 | D:1      | Reached XP level 2. HP: 19/19 MP: 3/5
  2679 | D:2      | Found a faded altar of an unknown god.
  2705 | D:2      | Prayed at the altar of an unknown god.
  2705 | D:2      | Became a worshipper of Hepliaklqana the Forgotten
  2705 | D:2      | Reached * piety under Hepliaklqana
  2729 | D:2      | Reached skill level 3 in Spellcasting
  2810 | D:2      | Identified the +3 leather armour of Inquiry {rF+++ Regen+
                  | Int+6 Dex-4}
  2918 | D:2      | Noticed Robin
  2927 | D:2      | Reached XP level 3. HP: 19/21 MP: 2/7
  2980 | D:2      | Killed Robin
  3468 | D:2      | Reached skill level 4 in Spellcasting
  3468 | D:2      | Reached XP level 4. HP: 27/27 MP: 7/10
  3525 | D:2      | Found a runed translucent door.
  3526 | D:2      | Noticed Crazy Yiuf
  3535 | D:2      | Killed Crazy Yiuf
  3708 | D:2      | Learned a level 1 spell: Animate Skeleton
  3722 | D:2      | Learned a level 3 spell: Vampiric Draining
  4364 | D:3      | Reached ** piety under Hepliaklqana
  4371 | D:3      | Remembered your ancestor Fingers as a battlemage
  4512 | D:3      | Found Gaethec's Weapon Emporium.
  4665 | D:3      | Noticed Terence
  4668 | D:3      | Reached skill level 5 in Necromancy
  4671 | D:3      | Killed Terence
  4672 | D:3      | Reached skill level 1 in Armour
  4672 | D:3      | Reached XP level 5. HP: 21/31 MP: 11/11
  4918 | D:3      | Noticed Jessica
  4925 | D:3      | Killed Jessica
  5901 | D:4      | Reached skill level 5 in Spellcasting
  5901 | D:4      | Reached XP level 6. HP: 36/36 MP: 13/13
  5973 | D:4      | Reached *** piety under Hepliaklqana
  8118 | D:5      | Entered Level 5 of the Dungeon
  8118 | D:5      | Noticed Edmund
  8124 | D:5      | Killed Edmund
  8221 | D:5      | Reached XP level 7. HP: 41/41 MP: 13/15
  8259 | D:5      | Reached skill level 6 in Spellcasting
  8267 | D:5      | Noticed Grinder
  8278 | D:5      | Killed Grinder
  8353 | D:5      | Noticed Prince Ribbit
  8376 | D:5      | Killed Prince Ribbit
  8377 | D:5      | Reached skill level 7 in Spellcasting
  8377 | D:5      | Reached XP level 8. HP: 38/46 MP: 18/18
  8682 | D:5      | Reached skill level 1 in Evocations
  8862 | D:6      | Found an ornate altar of the Wu Jian Council.
  8917 | D:6      | Found an iron altar of Okawaru.
  9017 | D:6      | Noticed a two-headed ogre
  9043 | D:6      | Killed a two-headed ogre
  9044 | D:6      | Reached skill level 1 in Maces & Flails
  9044 | D:6      | Reached skill level 8 in Spellcasting
  9113 | D:6      | Found a staircase to the Ecumenical Temple.
  9382 | D:6      | Reached XP level 9. HP: 52/52 MP: 21/21
  9473 | D:6      | Reached **** piety under Hepliaklqana
  9483 | D:6      | Noticed Menkaure
  9490 | D:6      | Killed Menkaure
  9491 | D:6      | Reached skill level 9 in Spellcasting
  9706 | D:6      | Noticed Sigmund
  9724 | D:6      | Killed Sigmund
  9989 | D:7      | Noticed Pikel
  9994 | D:7      | Killed Pikel
  9995 | D:7      | Reached skill level 10 in Spellcasting
 10014 | D:7      | Learned a level 4 spell: Animate Dead
 10020 | D:7      | Learned a level 5 spell: Agony
 11124 | D:8      | Reached XP level 10. HP: 34/57 MP: 5/24
 11129 | D:8      | Reached skill level 1 in Fighting
 11129 | D:8      | Reached skill level 11 in Spellcasting
 11137 | D:8      | Noticed Erica
 11148 | D:8      | Killed Erica
 11314 | D:8      | Found a basalt altar of Yredelemnul.
 11365 | D:8      | Found a staircase to the Lair.
 11441 | D:8      | Noticed a white ugly thing
 11449 | D:8      | Killed a white ugly thing
 11523 | D:8      | Noticed Joseph
 11537 | D:8      | Killed Joseph
 11650 | D:8      | Noticed a cyclops
 11657 | D:8      | Killed a cyclops
 11658 | D:8      | Reached skill level 12 in Spellcasting
 11658 | D:8      | Reached skill level 10 in Necromancy
 11873 | D:8      | Noticed a cyclops
 11882 | D:8      | Killed a cyclops
 11985 | D:9      | Reached ***** piety under Hepliaklqana
 12295 | D:9      | Found a hide-covered altar of Uskayaw.
 12299 | D:9      | Found a shimmering altar of Xom.
 12479 | D:10     | Entered Level 10 of the Dungeon
 12646 | D:10     | Reached XP level 11. HP: 21/64 MP: 25/27
 12771 | D:10     | Found a hazy altar of Hepliaklqana.
 13148 | D:10     | Found a blossoming altar of Fedhas.
 13340 | D:10     | Reached skill level 13 in Spellcasting
 13590 | D:11     | Found Ovaadgheh's Jewellery Emporium.
 13600 | D:11     | Noticed Snorg
 13610 | D:11     | HP: 1/64 [Snorg (25)]
 13610 | D:11     | Demolished by Snorg

Illustrated notes

Levels and vault maps discovered:
D:1:      dpeg_arrival_pits, layout_basic, serial_shops,
          nicolae_shop_window_shopping
D:2:      layout_basic, shapermc_ecumenical_altar_totnotflames,
          hangedman_decor_growths, uniq_robin, uniq_crazy_yiuf_cottage
D:3:      layout_basic, serial_shops, nicolae_shop_waterfront, uniq_jessica,
          uniq_terence
D:4:      layout_basic, grunt_ministairs_6
D:5:      layout_rooms, mainiacjoe_overflow_six_doors_small, uniq_grinder,
          uniq_prince_ribbit1, uniq_edmund
D:6:      layout_loops_corners, amcnicky_altar_gilded, okawaru_gym_becter,
          minmay_temple_entry_gardened_gates, uniq_sigmund, uniq_menkaure
D:7:      layout_basic, uniq_pikel
D:8:      layout_basic, lemuel_tele_altar, lair_entry_dummy,
          minmay_diamond_spiral, uniq_erica, uniq_joseph
D:9:      minmay_s_stair_smasher, layout_cave_pods,
          nicolae_overflow_hidden_temple
D:10:     layout_long_grid, marbit_many_paths, worldfamousw_hep_ancestral_shrine
D:11:     layout_long_grid, serial_shops, nicolae_diamond_shop, uniq_nergalle,
          uniq_snorg, uniq_urug

Skill      XL: |  1  2  3  4  5  6  7  8  9 10 11 |
---------------+----------------------------------+-----
Spellcasting   | 3 4 5 7 8 10 12 13 | 13.2
Dodging        | 2 3 |  3.8
Necromancy     | 5 6 7 9 10 | 10.8
Armour         | 1 2 3 4 |  4.3
Stealth        | 2 3 4 |  4.3
Evocations     | 1 2 |  2.3
Maces & Flails | 1 2 |  2.2
Fighting       | 1 2 |  2.2
Short Blades   | |  0.3

Action                   |  1- 3 |  4- 6 |  7- 9 | 10-12 || total
-------------------------+-------+-------+-------+-------++-------
Melee: Unarmed           |    10 |       |       |       ||    10
       Short sword       |    22 |       |       |       ||    22
       Club              |    15 |    24 |    58 |    33 ||   130
       Punch             |     2 |       |       |       ||     2
Throw: Boomerang         |     2 |       |       |       ||     2
 Cast: Pain              |    44 |    37 |    56 |    56 ||   193
       Vampiric Draining |       |     5 |     1 |       ||     6
       Animate Skeleton  |       |       |     3 |       ||     3
       Agony             |       |       |    11 |     5 ||    16
       Animate Dead      |       |       |       |     4 ||     4
Invok: Recall Ancestor   |       |    34 |       |       ||    34
       Ancestor Identity |       |     2 |       |       ||     2
       Ancestor Life: Ba |       |     1 |       |       ||     1
Evoke: Wand              |       |       |    11 |    26 ||    37
  Use: Scroll            |       |     1 |       |     5 ||     6
 Stab: Sleeping          |       |       |     3 |       ||     3
       Distracted        |       |       |     1 |       ||     1
Armor: Robe              |     1 |       |       |       ||     1
       Leather armour    |    34 |    21 |    34 |    27 ||   116
Dodge: Dodged            |    47 |    30 |    55 |    64 ||   196
